 Dungeon Crawl Stone Soup version 0.14-a0-1876-g927fc3a (webtiles) character file.

2676 Kae the Martial Artist (level 9, -10/64 HPs)
             Began as a Yellow Draconian Transmuter on Jan 14, 2014.
             Was a Follower of Sif Muna.
             Mangled by a yak (14 damage)
             ... on Level 5 of the Dungeon.
             The game lasted 00:12:59 (7573 turns).

Kae the Martial Artist (DrTm)                       Turns: 7573, Time: 00:13:00

HP -10/64        AC 11     Str 11      XL: 9   Next: 23%
MP  14/14        EV 12     Int 10 (13) God: Sif Muna [*.....]
Gold 267         SH  0     Dex 18      Spells:  1 memorised, 11 levels left

rFire  . . .     SeeInvis +       - Unarmed
rCold  . . .     Clarity  +     (armour unavailable)
rNeg   . . .     Conserve .     (no shield)
rPois  .         rCorr    +     (helmet restricted)
rElec  .         rRot     .     k - +0 cloak
SustAb . .       Spirit   .     l - +0 pair of gloves
rMut   .         Warding  .     j - +1 pair of orc boots
Saprov . . .     Stasis   .     g - amulet of clarity
MR     .....                    e - cursed +3 ring of dexterity
                                y - ring of see invisible

@: appendage, drained, not resistant to hostile enchantments, unstealthy
A: spit acid, acid resistance, unfitting armour, horns 2, stinger 2, weak 1, AC
+7
a: Spit Acid, End Transformation, Channel Energy, Renounce Religion


You were on level 5 of the Dungeon.
You worshipped Sif Muna.
Sif Muna was aware of your devotion.
You were very hungry.
You had grown temporary horns.
You visited 1 branch of the dungeon, and saw 6 of its levels.
You also visited: Sewer.

You collected 267 gold pieces.

Inventory:

Missiles
 b - 72 arrows
 t - 7 tomahawks (quivered)
Armour
 j - a +1 pair of orcish boots (worn)
 k - a +0 cloak (worn)
 l - a +0 pair of gloves (worn)
Comestibles
 a - 5 bread rations
 h - a beef jerky
 n - a choko
 q - 3 grapes
 z - 2 rotting chunks of orc flesh
 B - 4 meat rations
Scrolls
 i - 4 scrolls of remove curse
 m - 2 scrolls of immolation {unknown}
 o - 3 scrolls of teleportation
 r - a scroll of noise
Jewellery
 e - a cursed +3 ring of dexterity (right hand)
 g - an amulet of clarity (around neck)
 u - an uncursed ring of teleport control
 y - a ring of see invisible (left hand)
Potions
 f - 4 potions of flight
Books
 d - a book of Changes

   Spells                             Type                      Level
   *Beastly Appendage                 Transmutation                1
   Sticks to Snakes                   Transmutation                2
   Spider Form                        Transmutation/Poison         3
   Ice Form                           Ice/Transmutation            4
   Blade Hands                        Transmutation                5
 s - a book of Power

   Spells                             Type                      Level
   Iskenderun's Mystic Blast          Conjuration                  4
   Venom Bolt                         Conjuration/Poison           5
   Bolt of Magma                      Conjuration/Fire/Earth       5
   Fulminant Prism                    Conjuration/Hexes            5
   Iron Shot                          Conjuration/Earth            6
   Orb of Destruction                 Conjuration                  7
 C - a book of Spatial Translocations

   Spells                             Type                      Level
   Apportation                        Translocation                1
   Portal Projectile                  Translocation                2
   Blink                              Translocation                2
   Shroud of Golubria                 Charms/Translocation         2
   Teleport Other                     Translocation                3
   Passage of Golubria                Translocation                4


   Skills:
 - Level 1.1(0.7) Fighting
 - Level 1.7(1.3) Dodging
 * Level 10.5(10.0) Unarmed Combat
 - Level 2.0(1.6) Spellcasting
 + Level 7.5(7.0) Transmutations


You had 11 spell levels left.
You knew the following spells:

 Your Spells              Type           Power        Failure   Level  Hunger
a - Beastly Appendage     Trmt           ##....       1%          1    ##.....


Dungeon Overview and Level Annotations

Branches:
Dungeon (6/16)
 Temple: D:4-7

Altars:
Cheibriados
Fedhas
Nemelex Xobeh
Okawaru
Sif Muna
Trog
Xom
Yredelemnul


Innate Abilities, Weirdness & Mutations

You can spit globs of acid.
You can corrode armour when you spit acid.
You are resistant to acid.
Your golden yellow scales are hard (AC +7).
Your body does not fit into most forms of armour.
Your cold-blooded metabolism reacts poorly to cold.
You have a pair of horns on your head.
Your tail ends in a sharp poisonous barb.
You are weak. (Str -2)


Message History

The yak gores you!
* * * LOW HITPOINT WARNING * * *
Drink which item? (? for menu, Esc to quit)
You feel better. The yak gores you!
* * * LOW HITPOINT WARNING * * *
You closely miss the yak. The yak gores you but does no damage.
You hit the yak but do no damage. You headbutt the yak, but do no damage.
The yak closely misses you.
You hit the yak. Your headbutt misses the yak.
The yak is lightly wounded.
The yak gores you.
* * * LOW HITPOINT WARNING * * *
Drink which item? (? for menu, Esc to quit)
Okay, then.
You aren't carrying any items that can be evoked.
Unknown command.
Read which item? (? for menu, Esc to quit)
As you read the scroll labeled TAEPOC KHOERHE, it crumbles to dust.
Nothing appears to happen.
The yak gores you!
You die...

...#.....#.....#........## #....
##.#.###.#.###.#.###...## #....
...#.....#..)..#.......# #....
#.....#.....#..........# #....
#.###.#.###.#.###...#.## #....
#...%.#.....#......##Y### #....
..................#%....#####....
................Y##)#.##.........
................@.#>%.[.).#.#....
#..........####...#)..........###
#..#.#.#...# #..###......#.#....
#...(......# #..#_#.............
#..#.#.#...# #.##.##......##....
#..........# #.#...#......#.....
##.#.#.#...# ###...##.....#)....
#.........# #.....#.....#.....
########### ###.....#######.....


You could see a yak.

Vanquished Creatures
  Pikel (D:5)
  Grinder (D:4)
  Eustachio (D:5)
  A yak (D:5)
  Edmund (D:5)
  Menkaure (D:5)
  4 slaves (D:5)
  6 jellies (D:5)
  A giant goldfish zombie (D:4)
  2 hounds
  3 orc priests
  A siren (Sewer)
  6 worker ants
  An iguana (D:5)
  6 orc wizards
  A scorpion (D:5)
  A mermaid (Sewer)
  A killer bee zombie (D:5)
  A big fish zombie (D:4)
  6 adders
  3 giant mites
  5 worms
  An adder zombie (D:5)
  7 grey rats (Sewer)
  3 giant eyeballs
  An ooze (D:5)
  4 giant geckos
  18 orcs
  10 giant cockroaches
  12 hobgoblins
  4 jackals
  14 kobolds
  4 ball pythons
  8 bats
  4 giant newts
  14 goblins
  3 quokkas
  30 rats
  A rat skeleton (D:4)
192 creatures vanquished.

Notes
Turn   | Place    | Note
--------------------------------------------------------------
     0 | D:1      | Kae, the Draconian Transmuter, began the quest for the Orb.
     0 | D:1      | Reached XP level 1. HP: 16/16 MP: 3/3
   338 | D:1      | Found an iron altar of Okawaru.
   444 | D:1      | Reached XP level 2. HP: 20/23 MP: 2/4
  1138 | D:2      | Reached XP level 3. HP: 23/28 MP: 6/6
  1593 | D:2      | Found a deep blue altar of Sif Muna.
  1692 | D:2      | Became a worshipper of Sif Muna the Loreminder
  1874 | D:2      | Reached skill level 4 in Unarmed Combat
  1981 | D:3      | Found a snail-covered altar of Cheibriados.
  2044 | D:3      | Found a glowing drain.
  2053 | D:3      | Reached XP level 4. HP: 30/35 MP: 7/7
  2095 | Sewer    | Entered a sewer
  2284 | Sewer    | Gained mutation: Your tail ends in a poisonous barb. [potion of mutation]
  2284 | Sewer    | Gained mutation: You are weak. (Str -2) [potion of mutation]
  2284 | Sewer    | Gained mutation: Your tail ends in a sharp poisonous barb. [potion of mutation]
  2593 | Sewer    | Reached XP level 5. HP: 25/40 MP: 7/9
  2763 | Sewer    | Reached skill level 5 in Unarmed Combat
  3741 | D:4      | Paralysed by a giant eyeball for 2 turns
  3770 | D:4      | Reached XP level 6. HP: 45/47 MP: 10/10
  3862 | D:4      | Noticed Grinder
  3874 | D:4      | Paralysed by Grinder for 7 turns
  4203 | D:4      | Killed Grinder
  4203 | D:4      | Reached skill level 6 in Unarmed Combat
  4203 | D:4      | Your scales start taking on a golden yellow colour.
  4203 | D:4      | Reached XP level 7. HP: 28/52 MP: 12/12
  4384 | D:4      | Reached skill level 5 in Transmutations
  4594 | D:4      | Found a basalt altar of Yredelemnul.
  4729 | D:4      | Found a sparkling altar of Nemelex Xobeh.
  4818 | D:5      | Entered Level 5 of the Dungeon
  4838 | D:5      | Reached skill level 7 in Unarmed Combat
  5285 | D:5      | Noticed Pikel
  5571 | D:5      | Reached skill level 8 in Unarmed Combat
  5773 | D:5      | Killed Pikel
  5773 | D:5      | Acquired Sif Muna's first power
  5773 | D:5      | Reached skill level 9 in Unarmed Combat
  5773 | D:5      | Reached XP level 8. HP: 24/59 MP: 13/13
  6060 | D:5      | Noticed Menkaure
  6158 | D:5      | Killed Menkaure
  6235 | D:5      | Paralysed by a giant eyeball for 3 turns
  6429 | D:5      | Found a shimmering altar of Xom.
  6498 | D:5      | Noticed Edmund
  6515 | D:5      | Killed Edmund
  6532 | D:5      | Reached skill level 10 in Unarmed Combat
  6532 | D:5      | Reached XP level 9. HP: 41/64 MP: 12/14
  6735 | D:5      | Found a sparkling altar of Nemelex Xobeh.
  6744 | D:5      | Found a bloodstained altar of Trog.
  6747 | D:5      | Found a blossoming altar of Fedhas.
  6791 | D:6      | Noticed Eustachio
  6953 | D:5      | Killed Eustachio
  7572 | D:5      | HP: 3/64 [yak (1)]
  7573 | D:5      | Mangled by a yak

Action                   |  1- 3 |  4- 6 |  7- 9 || total
-------------------------+-------+-------+-------++-------
Melee: Unarmed           |   164 |   234 |   342 ||   740
 Cast: Beastly Appendage |    13 |    19 |    29 ||    61
 Abil: Spit Acid         |       |       |     4 ||     4
       End Transformatio |       |       |     1 ||     1
  Use: Scroll            |     3 |    13 |     3 ||    19
       Potion            |       |     5 |    10 ||    15
 Stab: Sleeping          |       |     1 |     1 ||     2
       Invisible         |       |       |     2 ||     2
